 Dungeon Crawl Stone Soup version 0.25-a0-651-g8c222c7a2b (webtiles) character file.

Game seed: 16916476174364602705, levelgen mode: deterministic

2866 CryoSword the Blocker (level 9, -2/80 HPs)
             Began as a Troll Fighter on Mar 22, 2020.
             Killed from afar by Maggie (13 damage)
             ... with a bolt of fire
             ... on level 7 of the Dungeon.
             The game lasted 00:11:24 (4509 turns).

CryoSword the Blocker (Troll Fighter)               Turns: 4509, Time: 00:11:24

Health: -2/80      AC: 11    Str: 26    XL:     9   Next: 47%
Magic:  8/8        EV: 10    Int:  7    God:
Gold:   330        SH: 13    Dex:  9    Spells: 8/8 levels left

rFire    . . .     SeeInvis .     - Unarmed
rCold    . . .     Gourm    +   b - +0 kite shield
rNeg     . . .     Faith    .   a - +0 robe
rPois    +         Spirit   .   (helmet restricted)
rElec    .         Reflect  +   M - scarf {repulsion}
rCorr    .         Harm     .   (gloves unavailable)
MR       .....                  (boots unavailable)
Stlth    +.........             F - +2 amulet of reflection
HPRegen  0.63/turn              t - +5 ring of protection
MPRegen  0.11/turn              u - ring of poison resistance

@: mighty, marked, repel missiles
A: large, unfitting armour, claws 3, fast metabolism 3, gourmand, regeneration
1, shaggy fur 1, tough skin 3
a: no special abilities


You were on level 7 of the Dungeon.
You were completely stuffed.

You visited 1 branch of the dungeon, and saw 7 of its levels.
You also visited: Sewer.

You collected 330 gold pieces.

Inventory:

Missiles
 k - 55 poisoned darts (quivered)
 A - 8 atropa-tipped darts
 K - 6 boomerangs
 L - a throwing net
Armour
 a - a +0 robe (worn)
 b - a +0 kite shield (worn)
 M - a scarf of repulsion (worn)
   (You found it on level 6 of the Dungeon)
Jewellery
 t - a +5 ring of protection (left claw)
   (You found it on level 3 of the Dungeon)
 u - a ring of poison resistance (right claw)
   (You found it on level 3 of the Dungeon)
 B - an uncursed ring of resist corrosion
   (You found it on level 5 of the Dungeon)
 E - an uncursed ring of wizardry
   (You found it on level 6 of the Dungeon)
 F - a +2 amulet of reflection (around neck)
   (You found it on level 6 of the Dungeon)
Wands
 s - a wand of disintegration (6)
   (You found it on level 3 of the Dungeon)
 x - a wand of flame (36)
   (You took it off a kobold on level 4 of the Dungeon)
Scrolls
 e - 2 scrolls of fear
 h - 2 scrolls of remove curse {@r2}
 j - 2 scrolls of magic mapping {unknown}
 l - a scroll of identify {@r1}
 m - a scroll of noise {unknown}
 q - 7 scrolls of teleportation {unknown}
 r - 2 scrolls of amnesia {unknown}
 y - a scroll of immolation {unknown}
 G - a scroll of random uselessness {unknown}
 H - a scroll of enchant weapon {unknown}
Potions
 c - a potion of might
 f - 3 potions of magic
 g - a potion of stabbing {unknown}
 i - 3 potions of lignification {!q}
 n - a potion of berserk rage {unknown}
 o - a potion of resistance {unknown}
 p - 3 potions of mutation {!q}
 v - 2 potions of haste {unknown}
 z - a potion of invisibility {unknown}
 D - a potion of flight {unknown}
 I - a potion of heal wounds {unknown}
 J - a potion of degeneration {unknown}
Comestibles
 d - 16 rations {!d}
 C - 4 chunks of flesh


   Skills:
 - Level 2.4 Fighting
 - Level 2.4 Dodging
 - Level 9.4 Shields
 + Level 7.8 Unarmed Combat


You had 8 spell levels left.
You didn't know any spells.
Your spell library was empty.

Dungeon Overview and Level Annotations

Branches:
Dungeon (7/15)              Sewer (visited)
 Temple: D:4-7

Altars:
Elyvilon
Hepliaklqana
Vehumet
Zin

Shops:
D:5 (

Annotations:
D:7 Maggie


Innate Abilities, Weirdness & Mutations

You are too large for most types of armour.
You have claws for hands.
Your metabolism is lightning-fast.
You like to eat raw meat.
Your natural rate of healing is unusually fast.
You are covered in fur. (AC +1)
You have extremely tough skin. (AC +3)


Message History

The bolt of fire hits you!!
You hear some strange, mumbled words.
A magic dart appears from out of thin air!
The magic dart hits you but does no damage.
You scratch something but do no damage. You miss something.
Something hits you but does no damage. x2
You closely miss something. You block something's attack.
Maggie casts a spell at you.
The bolt of fire hits something!!
Reactivating autopickup.
The bolt of fire hits you!!
* * * LOW HITPOINT WARNING * * *
Something hits you but does no damage.
Deactivating autopickup; reactivate with Ctrl-A.
Throwing (i - inventory. (/) - cycle)
k - 61 poisoned darts (quivered)
Press: ? - help, Shift-Dir - straight line, f/p - Maggie
Aim: Maggie, wielding a +0 scimitar and wearing +0 swamp dragon scales (lightly wounded, poisoned, mesmerising)
You throw a poisoned dart.
The poisoned dart closely misses Maggie.
Maggie casts a spell at you. The bolt of fire hits you.
* * * LOW HITPOINT WARNING * * *
Something hits you.
* * * LOW HITPOINT WARNING * * *
Okay, then.
Throwing (i - inventory. (/) - cycle)
k - 60 poisoned darts (quivered)
Press: ? - help, Shift-Dir - straight line, f/p - Maggie
Aim: Maggie, wielding a +0 scimitar and wearing +0 swamp dragon scales (lightly wounded, poisoned, mesmerising)
You throw a poisoned dart. The poisoned dart barely misses Maggie.
Something hits you but does no damage.
Throwing (i - inventory. (/) - cycle)
k - 59 poisoned darts (quivered)
Press: ? - help, Shift-Dir - straight line, f/p - Maggie
Aim: Maggie, wielding a +0 scimitar and wearing +0 swamp dragon scales (lightly wounded, poisoned, mesmerising)
You throw a poisoned dart. The poisoned dart hits Maggie.
Maggie looks even sicker.
Maggie is lightly wounded.
Maggie casts a spell.
Maggie draws you further into her thrall.
Something hits you.
* * * LOW HITPOINT WARNING * * *
You scratch something.
Maggie points at you and mumbles some strange words.
The bolt of fire hits you!
* * * LOW HITPOINT WARNING * * *
You barely miss something. Something hits you but does no damage.
You barely miss something. Something hits you.
* * * LOW HITPOINT WARNING * * *
You feel better. Something completely misses you.
You feel better. Maggie hits you with a +0 scimitar!
* * * LOW HITPOINT WARNING * * *
Something hits you but does no damage.
You claw Maggie!
Maggie is moderately wounded.
Something hits you but does no damage. You block Maggie's attack.
You barely miss Maggie.
Maggie is moderately wounded.
Something hits you.
* * * LOW HITPOINT WARNING * * *
You claw Maggie!
Maggie is moderately wounded.
Maggie barely misses you. Something hits you but does no damage.
You closely miss Maggie.
Maggie is moderately wounded.
Maggie misses you.
You feel very mighty all of a sudden.
You break out of your daze.
Something hits you but does no damage. Maggie barely misses you.
You mangle Maggie!!
Maggie is severely wounded.
You block something's attack.
You closely miss Maggie.
Maggie is severely wounded.
Maggie casts a spell at you. The bolt of fire hits you!
* * * LOW HITPOINT WARNING * * *
Something hits you.
* * * LOW HITPOINT WARNING * * *
You claw Maggie!
Maggie is almost dead.
Maggie looks more healthy.
Maggie hits you with a +0 scimitar!
* * * LOW HITPOINT WARNING * * *
You block something's attack.
You scratch Maggie but do no damage.
Maggie is almost dead.
You hear some strange, mumbled words.
You are confused.
Maggie casts a spell.
Maggie attempts to bespell you!
You are mesmerised by Maggie!
You bump into the rock wall.
You hear some strange, mumbled words.
A puff of flame appears from out of thin air!
The puff of flame misses you. Maggie closely misses you.
You miss Maggie.
Maggie is almost dead.
Something hits you but does no damage.
You're too confused to move!
Maggie barely misses you. Something hits you but does no damage.
You closely miss Maggie.
Maggie is almost dead.
Maggie misses you.
You bump into the rock wall.
Something hits you but does no damage. Maggie hits you but does no damage.
You bump into the rock wall.
Something hits you but does no damage.
Maggie says, "Have you seen any dragons?"
Maggie barely misses you.
Okay, then.
You're too confused!
You closely miss Maggie.
Maggie is almost dead.
Something hits you but does no damage.
You feel less confused.
Throwing (i - inventory. (/) - cycle)
k - 58 poisoned darts (quivered)
Press: ? - help, Shift-Dir - straight line, f/p - Maggie
Aim: Maggie, wielding a +0 scimitar and wearing +0 swamp dragon scales (almost dead, mesmerising)
You throw a poisoned dart. Something hits you but does no damage.
Throwing (i - inventory. (/) - cycle)
k - 57 poisoned darts (quivered)
Press: ? - help, Shift-Dir - straight line, f/p - Maggie
Aim: Maggie, wielding a +0 scimitar and wearing +0 swamp dragon scales (almost dead, mesmerising)
You throw a poisoned dart.
You hear some strange, mumbled words.
A puff of flame appears from out of thin air!
The puff of flame is repelled.
Throwing (i - inventory. (/) - cycle)
k - 56 poisoned darts (quivered)
Press: ? - help, Shift-Dir - straight line, f/p - Maggie
Aim: Maggie, wielding a +0 scimitar and wearing +0 swamp dragon scales (almost dead, mesmerising)
You throw a poisoned dart. The poisoned dart hits Maggie.
Maggie is poisoned.
Maggie is almost dead.
You hear some strange, mumbled words.
A puff of flame appears from out of thin air!
The puff of flame is repelled.
Maggie casts a spell at you. The bolt of fire misses you.
Okay, then.
Okay, then.
You closely miss something.
You hear some strange, mumbled words.
A magic dart appears from out of thin air!
The magic dart hits you but does no damage.
You completely miss something. Something hits you but does no damage.
Maggie says, "How do the people who live here stand the isolation?"
You barely miss something. You block something's attack.
Maggie points at you and mumbles some strange words.
The bolt of fire hits something.
Reactivating autopickup.
You feel a bit more experienced.
The bolt of fire is repelled.
You break out of your daze.
Maggie casts a spell at you. The bolt of fire hits you!
You die...

o@.....(.>........#
..#.#.#.#.#######.#
# #...(.#####.#
###.#(##....#
#.#(##.####
#.#(##.# ..#(##.#
#.######)##.#
..((..(.@@..#
#.###########


You could see Maggie.

Vanquished Creatures
  Harold (D:7)
  3 yaks (D:6)
  Menkaure (D:6)
  An ice beast (D:6)
  3 ogres
  A phantom (D:4)
  5 bullfrogs
  2 scorpions (D:4)
  3 wights
  A howler monkey (D:5)
  A centaur skeleton (D:4)
  An orc priest (D:7)
  A bullfrog skeleton (D:4)
  5 hounds
  An orc wizard (D:3)
  3 iguanas
  A worker ant (D:4)
  A hound skeleton (D:6)
  A howler monkey zombie (D:5)
  A worker ant zombie (D:6)
  7 adders
  3 river rats (D:6)
  4 shadow imps
  2 oozes (D:1)
  An adder zombie (D:6)
  4 dart slugs
  3 worms
  9 leopard geckos
  10 orcs
  9 giant cockroaches
  7 goblins
  6 hobgoblins
  7 jackals
  3 quokkas
  4 ball pythons
  5 bats
  11 frilled lizards
  8 kobolds
  5 rats
145 creatures vanquished.

Vanquished Creatures (others)
  2 orc wizards (D:7)
2 creatures vanquished.

Grand Total: 147 creatures vanquished

Notes
Turn   | Place    | Note
-------+----------+-------------------------------------------
     0 | D:1      | CryoSword the Troll Fighter began the quest for the Orb.
     0 | D:1      | Reached XP level 1. HP: 22/22 MP: 0/0
    68 | D:1      | Reached XP level 2. HP: 29/29 MP: 1/1
   177 | D:1      | Reached skill level 3 in Shields
   334 | D:1      | Reached XP level 3. HP: 36/36 MP: 2/2
   571 | D:2      | Found a faded altar of an unknown god.
  1051 | D:3      | Found a white marble altar of Elyvilon.
  1204 | D:3      | Reached XP level 4. HP: 44/44 MP: 3/3
  1415 | D:3      | Reached skill level 4 in Shields
  1509 | D:3      | Reached XP level 5. HP: 50/50 MP: 4/4
  1742 | D:4      | Noticed an ogre
  1748 | D:4      | Killed an ogre
  1858 | D:4      | Reached XP level 6. HP: 56/59 MP: 5/5
  1889 | D:4      | Reached skill level 5 in Shields
  2010 | D:4      | Found a radiant altar of Vehumet.
  2105 | D:4      | Reached XP level 7. HP: 64/66 MP: 6/6
  2529 | D:5      | Entered Level 5 of the Dungeon
  2584 | D:5      | Reached skill level 6 in Shields
  2724 | D:5      | Found Jomayvo's Weapon Emporium.
  2839 | D:5      | Reached skill level 5 in Unarmed Combat
  2994 | D:5      | Found a hazy altar of Hepliaklqana.
  3020 | D:6      | Noticed Menkaure
  3155 | D:6      | Reached XP level 8. HP: 74/74 MP: 7/7
  3170 | D:6      | Killed Menkaure
  3170 | D:6      | Reached skill level 7 in Shields
  3447 | D:6      | Found a glowing drain.
  3454 | Sewer    | Entered a sewer
  4010 | D:6      | Reached skill level 8 in Shields
  4038 | D:6      | Reached XP level 9. HP: 80/80 MP: 8/8
  4160 | D:6      | Found a glowing silver altar of Zin.
  4160 | D:6      | Noticed an angel
  4435 | D:7      | Noticed Harold
  4470 | D:7      | Noticed Maggie
  4472 | D:7      | Killed Harold
  4472 | D:7      | Reached skill level 9 in Shields
  4493 | D:7      | HP: 1/80 [Maggie/+0 scimitar (7)]
  4509 | D:7      | Killed from afar by Maggie

Levels and vault maps discovered:
D:1:      dpeg_arrival_tiny_a, layout_rooms
D:2:      layout_rooms, chequers_ecumenical_altar_simple
D:3:      layout_loops_ring, marbit_many_paths, first_ration,
          uniq_crazy_yiuf_cottage
D:4:      layout_loops_ring, vehumet_altar_wand_db
D:5:      layout_rooms, kennysheep_mini_moat, serial_shops,
          nicolae_shop_waterfront
D:6:      layout_cave_pools, zin_angel, gup_sewer_entry_bubbles,
          corexii_item_surrounded_by_moat, uniq_menkaure
D:7:      layout_basic, minmay_temple_entry_statues_fountains, grunt_ogre_cave,
          uniq_joseph, uniq_harold, uniq_maggie

Skill      XL: |  1  2  3  4  5  6  7  8  9 |
---------------+----------------------------+-----
Shields        | 3 4 5 6 8 9 |  9.4
Unarmed Combat | 3 4 5 7 |  7.8
Fighting       | |  2.4
Dodging        | |  2.4

Action                   |  1- 3 |  4- 6 |  7- 9 || total
-------------------------+-------+-------+-------++-------
Melee: Unarmed           |   111 |   139 |   246 ||   496
Throw: Dart              |       |       |    19 ||    19
  Use: Scroll            |       |     3 |     4 ||     7
       Potion            |       |       |     3 ||     3
  Eat: Chunk             |    17 |     8 |    23 ||    48
Armor: Robe              |    33 |    45 |    70 ||   148
Dodge: Dodged            |    30 |    37 |    73 ||   140
       Deflected         |       |       |     4 ||     4
Block: Kite shield       |    49 |    59 |   115 ||   223

Table legend:
 A = Non-vault XP
 B = Vault XP
 C = Vault XP percentage of total XP
 D = Non-vault monster count
 E = Vault monster count
 F = Vault count percentage of total count
                 A         B        C        D         E       F
            +---------+---------+-------+---------+---------+-------
      Total |    2705 |    1390 |  33.9 |     116 |      30 |  20.5
            +---------+---------+-------+---------+---------+-------
        D:1 |      50 |       0 |   0.0 |      20 |       0 |   0.0
        D:2 |      23 |       0 |   0.0 |      13 |       0 |   0.0
        D:3 |     127 |       2 |   1.6 |      30 |       1 |   3.2
        D:4 |     655 |       1 |   0.2 |      18 |       1 |   5.3
        D:5 |     328 |       0 |   0.0 |      12 |       0 |   0.0
        D:6 |    1443 |     205 |  12.4 |      20 |       8 |  28.6
        D:7 |      79 |     944 |  92.3 |       3 |       1 |  25.0
      Sewer |       0 |     238 | 100.0 |       0 |      19 | 100.0
            +---------+---------+-------+---------+---------+-------
